 Dungeon Sprint DCSS version 0.22-a0-772-gac08f70 (webtiles) character file.

253 Mamutox the Fighter (level 6, -2/79 HPs)
             Began as an Ogre Chaos Knight on July 17, 2018.
             Slain by a torpor snail (12 damage)
             ... in the Dungeon (Sprint I: "Red Sonja").
             The game lasted 00:01:34 (440 turns).

Mamutox the Fighter (Ogre Chaos Knight)              Turns: 440, Time: 00:01:35

Health: -2/79      AC:  5    Str: 17    XL:     6   Next: 14%
Magic:  6/6        EV: 11    Int: 13    God:    Xom [*.....]
Gold:   108        SH:  0    Dex: 10    Spells: 5/5 levels left

rFire    . . .     SeeInvis .   a - +0 hand axe (chaos)
rCold    . . .     Gourm    .   (no shield)
rNeg     . . .     Faith    .   b - +2 robe
rPois    .         Spirit   .   (helmet restricted)
rElec    .         Reflect  .   (no cloak)
rCorr    .         Harm     .   (gloves unavailable)
MR       .....     NoTele   +   (boots unavailable)
Stlth    +.........             (no amulet)
HPRegen  0.23/turn              (no ring)
MPRegen  0.10/turn              (no ring)

@: slowed, very slow
A: large, unfitting armour, tough skin 1
a: Renounce Religion


You were in the Dungeon.
You worshipped Xom.
You were a special plaything of Xom.
You were not hungry.

You visited 1 branch You collected 108 gold pieces.

Inventory:

Hand Weapons
 a - a +0 hand axe of chaos (weapon)
Armour
 b - a +2 robe (worn)
Wands
 j - a wand of acid (6)
Scrolls
 i - a scroll of blinking
Potions
 d - a potion of curing
 e - a potion of heal wounds
 f - a potion of haste
 g - 2 potions of magic
 h - a potion of berserk rage
 l - a potion of agility {unknown}
Comestibles
 c - a ration
 k - 4 chunks of flesh


   Skills:
 + Level 10.9 Fighting
 + Level 8.2 Axes
 + Level 5.3 Dodging


You had 5 spell levels left.
You didn't know any spells.
Your spell library was empty.

Dungeon Overview and Level Annotations

Branches:
Dungeon (1/1)

Altars:
Makhleb
Xom
Jiyva
Lugonu


Innate Abilities, Weirdness & Mutations

You are too large for most types of armour.
You have tough skin. (AC +1)


Message History

The torpor snail is lightly wounded.
The torpor snail barely misses you.
You completely miss the torpor snail.
The torpor snail is lightly wounded.
The torpor snail bites you!
* * * LOW HITPOINT WARNING * * *
The torpor snail looks more healthy.
There is an open door here.
Things that are here:
a scythe; a robe
There is an open door here.
There is an open door, spattered with blood here.
Things that are here:
a shiny ring mail; a dagger
There is an open door, spattered with blood here.
You see here a giant club of chaos.
The torpor snail barely misses you. The torpor snail bites you!
You die...
Xom howls with laughter!

###################
#<.#..'..#..'..#__#
#..'[.#..').#..'..+
#.)#####+#####+#__#
#.@# ### #w.# #..#
#⌠⌠# ####


You could see a torpor snail.

Vanquished Creatures
  Sigmund (D)
  An ogre (D)
  Ijyb (D)
3 creatures vanquished.

Notes
Turn   | Place    | Note
-------+----------+-------------------------------------------
     0 | D        | Mamutox the Ogre Chaos Knight began the quest for the Orb.
     0 | D        | Reached XP level 1. HP: 24/24 MP: 1/1
     1 | D        | Noticed Ijyb
     7 | D        | XOM: potion effect (might)
    10 | D        | XOM: summons friendly iron imp
    18 | D        | Killed Ijyb
    18 | D        | Reached skill level 6 in Fighting
    18 | D        | Reached XP level 2. HP: 22/37 MP: 2/2
    18 | D        | Reached XP level 3. HP: 27/45 MP: 3/3
    42 | D        | XOM: god gift: wand of acid (6)
    52 | D        | Noticed an ogre
    52 | D        | XOM: chaos upgrade
    53 | D        | XOM: butterfly on damage
    64 | D        | Killed an ogre
    64 | D        | Reached skill level 8 in Fighting
    64 | D        | Reached XP level 4. HP: 18/58 MP: 4/4
   280 | D        | Noticed Sigmund
   292 | D        | Killed Sigmund
   292 | D        | Reached skill level 10 in Fighting
   292 | D        | Reached skill level 5 in Dodging
   292 | D        | Reached XP level 5. HP: 70/70 MP: 5/5
   292 | D        | Reached XP level 6. HP: 79/79 MP: 6/6
   409 | D        | Found a burning altar of Makhleb.
   409 | D        | Found a viscous altar of Jiyva.
   409 | D        | Found a shimmering altar of Xom.
   409 | D        | Found a corrupted altar of Lugonu.
   409 | D        | Noticed a slime creature
   418 | D        | Noticed a torpor snail
   418 | D        | a slime creature changed into a torpor snail
   440 | D        | Slain by a torpor snail

Vault maps used:
D:        dungeon_sprint_1

Skill      XL: |  1  2  3  4 |
---------------+-------------+-----
Fighting       | 6 8 10 | 10.9
Axes           | 4 6 8 |  8.2
Dodging        | 3 4 5 |  5.3

Action                   |  1- 3 |  4- 6 || total
-------------------------+-------+-------++-------
Melee: Hand axe          |    18 |    23 ||    41
Armor: Robe              |     6 |       ||     6
Dodge: Dodged            |     4 |    11 ||    15

Table legend:
 A = Spawn XP
 B = Non-spawn XP
 C = Spawn XP percentage of total XP
 D = Spawn monster count
 E = Non-spawn monster count
 F = Spawn count percentage of total count
 G = Total turns spent on level
                    A         B        C        D         E        F      G
               +---------+---------+-------+---------+---------+-------+---------
         Total |       0 |     362 |   0.0 |       0 |       3 |   0.0 |   440
               +---------+---------+-------+---------+---------+-------+---------
             D |       0 |     362 |   0.0 |       0 |       3 |   0.0 |   440
               +---------+---------+-------+---------+---------+-------+---------
